Map: Polka LE

Players

Mallazo - Winner!

  • Race: Zerg Zerg
  • Spawn Location: 5:00

TheEviL - Winner!

  • Race: Protoss Protoss
  • League: Diamond
  • Spawn Location: 5:00

qqq

  • Race: Zerg Zerg
  • Spawn Location: 11:00

Massa

  • Race: Terran Terran
  • League: Platinum
  • Spawn Location: 11:00

VOD

Have the link to the VOD?

Description

Time

  • Played on: Feb. 6, 2021, 12:40 p.m.
  • Length: 24:59
Show
View Real Time Build Order
Export as new Build Order

Mallazo Zerg - Winner!

Build Orders: Hatch First, Lurkers 

Get SALT Encoding   

  12  0:00  Drone  
  13  0:12  Overlord  
  13  0:16  Drone  
  14  0:30  Drone x2  
  16  0:51  Hatchery  
  16  0:52  Drone  
  16  0:56  Drone  
  17  1:01  Drone  
  18  1:10  Extractor  
  17  1:17  Spawning Pool  
  16  1:19  Drone  
  16  1:22  Drone  
  18  1:31  Drone  
  19  1:38  Drone  
  20  1:49  Overlord  
  20  2:00  Drone  
  21  2:04  Drone  
  21  2:05  Queen  
  21  2:06  Queen  
  26  2:10  Drone  
  26  2:14  Drone  
  28  2:22  Drone  
  29  2:25  Drone  
  29  2:27  Metabolic Boost  
  30  2:33  Roach Warren  
  30  2:34  Drone  
  30  2:36  Drone  
  31  2:43  Drone  
  32  2:46  Drone  
  33  2:56  Drone  
  34  2:59  Drone  
  34  3:04  Overlord  
  35  3:09  Hatchery, Drone  
  35  3:20  Drone  
  35  3:21  Overlord  
  35  3:23  Drone  
  35  3:24  Drone x3  
  40  3:28  Drone x2  
  42  3:34  Drone  
  42  3:36  Evolution Chamber  
  42  3:37  Drone  
  42  3:38  Evolution Chamber  
  42  3:43  Extractor  
  42  3:44  Drone  
  42  3:45  Drone, Extractor, Roach  
  44  3:48  Roach  
  44  3:51  Drone  
  47  4:02  Overlord x2, Roach  
  49  4:03  Overlord  
  49  4:08  Drone  
  49  4:09  Drone  
  51  4:13  Extractor, Zerg Missile Weapons Level 1  
  50  4:20  Drone x2  
  50  4:21  Drone x2  
  54  4:29  Lair  
  54  4:38  Zerg Ground Armor Level 1  
  54  4:48  Roach x4  
  54  4:49  Overlord x4  
  62  4:59  Drone x4  
  69  5:00  Drone x3  
  69  5:10  Spore Crawler  
  69  5:12  Spore Crawler  
  67  5:14  Drone  
  67  5:15  Drone  
  67  5:16  Roach  
  67  5:17  Roach x2  
  75  5:24  Roach  
  75  5:25  Roach x2  
  81  5:28  Glial Reconstitution  
  81  5:32  Roach x2  
  85  5:39  Roach  
  85  5:40  Roach x3  
  93  5:44  Roach  
  93  5:45  Roach  
  93  5:49  Roach x2  
  101  5:55  Drone x2  
  101  5:56  Drone  
  104  5:58  Queen  
  106  6:08  Burrow  
  106  6:13  Infestation Pit, Roach  
  106  6:14  Roach x3  
  106  6:17  Overlord x2  
  111  6:33  Roach x3  
  111  6:37  Roach x5  
  113  6:40  Roach  
  113  6:47  Tunneling Claws, Roach  
  99  6:48  Roach x2  
  99  6:51  Roach  
  107  6:57  Roach x2  
  107  6:58  Roach  
  111  7:01  Extractor  
  111  7:04  Extractor  
  111  7:07  Drone x3  
  112  7:15  Hydralisk Den  
  111  7:19  Zerg Missile Weapons Level 2  
  111  7:26  Drone x2  
  111  7:27  Drone x4  
  117  7:32  Drone x3  
  117  7:33  Queen  
  122  7:39  Hive  
  122  7:41  Zerg Ground Armor Level 2  
  122  7:59  Hatchery  
  121  8:07  Roach  
  121  8:08  Overlord x2, Roach x3  
  121  8:09  Overlord  
  129  8:26  Queen  
  129  8:27  Overlord x3, Roach x3  
  137  8:30  Roach  
  137  8:31  Roach x4  
  147  8:43  Grooved Spines  
  147  8:47  Lurker Den  
  147  8:48  Overlord x2  
  146  8:49  Overlord x2  
  146  8:51  Drone  
  146  8:52  Drone x4  
  151  8:57  Overseer  
  151  9:09  Roach x31  
  151  9:11  Spore Crawler  
  151  9:15  Spore Crawler  
  151  9:16  Spore Crawler  
  144  9:25  Drone  
  144  9:26  Drone x11  
  156  9:35  Overlord x2  
  156  9:37  Zerg Missile Weapons Level 3  
  156  9:44  Drone x5  
  161  9:46  Hydralisk x6  
  173  9:55  Muscular Augments  
  173  9:56  Spore Crawler  
  172  10:03  Extractor  
  172  10:04  Extractor, Spore Crawler  
  172  10:06  Spore Crawler  
  168  10:08  Spore Crawler x2  
  168  10:12  Spine Crawler, Zerg Ground Armor Level 3  
  165  10:15  Hydralisk x5  
  175  10:22  Drone x4  
  175  10:23  Drone  
  180  10:31  Spore Crawler  
  180  10:34  Spine Crawler  
  180  10:35  Queen  
  180  10:36  Spine Crawler  
  179  10:45  Hydralisk x2  
  183  10:52  Seismic Spines  
  183  11:13  Hydralisk  
  183  11:14  Hydralisk x7  
  199  11:40  Roach x39  
  199  11:46  Hatchery  
  198  11:49  Adaptive Talons  
  198  11:59  Roach x38  
  196  12:21  Hydralisk x8  
  196  12:22  Hydralisk  
  192  12:25  Lurker x5  
  192  12:26  Lurker x16  
  159  12:49  Hydralisk x2  
  159  12:50  Hydralisk x3  
  159  12:51  Hydralisk  
  171  13:02  Hydralisk x6  
  171  13:03  Hydralisk x6  
  176  14:03  Drone x2  
  176  14:04  Drone x5  
  182  14:10  Overseer  
  182  14:14  Overlord x2  
  182  14:40  Viper x4  
  182  14:41  Viper  
  197  14:49  Spine Crawler  
  197  14:50  Spine Crawler  
  195  14:53  Spine Crawler x2  
  195  14:55  Spine Crawler  
  195  14:56  Spine Crawler  
  195  14:57  Spine Crawler  
  195  14:59  Spine Crawler  
  189  15:00  Spine Crawler  
  189  15:01  Spine Crawler  
  189  15:02  Spine Crawler x2, Zerg Melee Weapons Level 1  
  189  15:04  Spine Crawler, Neural Parasite  
  189  15:06  Adrenal Glands  
  184  15:26  Spine Crawler  
  183  15:40  Overseer  
  183  15:46  Overseer x3  
  178  16:23  Pathogen Glands  
  131  17:49  Hydralisk x5  
  131  17:50  Hydralisk x29  
  199  19:15  Hatchery  
  170  20:00  Overlord x2  
  170  20:01  Overlord x3  
  158  20:32  Hydralisk  
  158  20:33  Hydralisk x5  
  155  21:03  Hydralisk x3  
  155  21:04  Hydralisk  
  159  21:06  Lurker  
  159  21:07  Lurker x5  
  157  21:59  Lurker  
  157  22:00  Lurker x3  
  161  22:02  Hydralisk x3  
  161  22:03  Hydralisk x2  
  125  23:08  Hydralisk x6  
  115  23:56  Hydralisk x4  
  121  24:12  Overseer  
Show
View Real Time Build Order
Export as new Build Order

TheEviL Protoss - Winner!

Build Orders: Oracle Opening, Carriers 

Get SALT Encoding   

  12  0:00  Probe (Chrono Boost)  
  13  0:10  Probe (Chrono Boost)  
  14  0:18  Pylon  
  14  0:21  Probe  
  15  0:36  Probe  
  15  0:37  Gateway  
  16  0:48  Probe  
  16  0:49  Assimilator  
  17  1:00  Probe  
  18  1:11  Pylon  
  18  1:12  Probe (Chrono Boost)  
  19  1:24  Probe (Chrono Boost), Assimilator  
  20  1:28  Probe (Chrono Boost)  
  20  1:31  Cybernetics Core  
  21  1:34  Forge  
  21  1:39  Probe  
  22  1:54  Probe  
  23  2:07  Nexus  
  23  2:10  Adept (Chrono Boost)  
  25  2:23  Gateway  
  25  2:33  Adept  
  25  2:34  Probe  
  28  2:49  Pylon  
  28  3:01  Probe  
  29  3:08  Stargate  
  29  3:10  Sentry (Chrono Boost)  
  31  3:15  Probe (Chrono Boost)  
  32  3:22  Probe (Chrono Boost)  
  34  3:31  Probe x2 (Chrono Boost)  
  35  3:36  Probe (Chrono Boost), Stargate  
  35  3:37  Probe, Pylon  
  37  3:48  Probe  
  37  3:49  Probe  
  37  3:51  Oracle  
  42  4:00  Probe  
  42  4:02  Probe  
  44  4:12  Probe (Chrono Boost)  
  44  4:13  Photon Cannon  
  44  4:16  Probe (Chrono Boost)  
  46  4:17  Assimilator  
  46  4:22  Assimilator  
  47  4:25  Probe (Chrono Boost)  
  47  4:31  Probe (Chrono Boost)  
  48  4:32  Probe (Chrono Boost)  
  48  4:38  Probe  
  50  4:54  Probe, Void Ray x2  
  50  4:55  Probe, Photon Cannon  
  50  4:58  Pylon  
  56  5:06  Photon Cannon  
  60  5:31  Void Ray (Chrono Boost)  
  60  5:35  Shield Battery  
  60  5:38  Photon Cannon  
  60  5:39  Photon Cannon  
  60  5:40  Pylon  
  64  5:53  Void Ray (Chrono Boost)  
  68  6:04  Photon Cannon  
  68  6:05  Void Ray (Chrono Boost)  
  72  6:14  Protoss Air Weapons Level 1 (Chrono Boost)  
  72  6:15  Stalker x2  
  76  6:25  Void Ray (Chrono Boost)  
  76  6:26  Photon Cannon  
  76  6:28  Photon Cannon  
  78  6:37  Photon Cannon  
  78  6:53  Pylon x2  
  78  7:05  Void Ray  
  78  7:11  Probe, Photon Cannon  
  83  7:15  Nexus  
  83  7:18  Pylon, Stalker x2  
  83  7:20  Pylon  
  87  7:23  Probe  
  88  7:30  Probe, Photon Cannon  
  88  7:32  Photon Cannon  
  88  7:33  Pylon  
  88  7:35  Probe, Void Ray  
  90  7:42  Void Ray  
  90  7:43  Probe  
  95  7:47  Probe  
  95  7:48  Fleet Beacon  
  100  8:11  Stalker  
  100  8:12  Void Ray  
  98  8:14  Photon Cannon  
  98  8:19  Void Ray  
  102  8:25  Photon Cannon  
  102  8:27  Photon Cannon  
  106  8:30  Photon Cannon  
  106  8:32  Shield Battery  
  108  8:34  Probe (Chrono Boost), Shield Battery  
  108  8:35  Probe (Chrono Boost)  
  108  8:38  Probe (Chrono Boost)  
  109  8:44  Probe (Chrono Boost)  
  109  8:48  Probe (Chrono Boost)  
  111  8:49  Void Ray, Protoss Air Armor Level 1 (Chrono Boost)  
  111  8:53  Shield Battery  
  111  8:56  Protoss Shields Level 1, Shield Battery  
  115  9:08  Assimilator  
  115  9:09  Assimilator  
  115  9:12  Photon Cannon  
  115  9:19  Carrier  
  118  9:32  Tempest  
  123  9:55  Stargate  
  123  10:16  Carrier  
  123  10:17  Twilight Council  
  123  10:18  Probe (Chrono Boost)  
  130  10:26  Photon Cannon x2  
  130  10:27  Probe (Chrono Boost)  
  131  10:29  Photon Cannon  
  131  10:31  Photon Cannon  
  131  10:32  Probe (Chrono Boost), Pylon  
  132  10:35  Pylon  
  132  10:44  Probe  
  132  10:48  Carrier (Chrono Boost), Pylon, Protoss Air Weapons Level 2 (Chrono Boost)  
  133  10:50  Pylon  
  133  10:52  Pylon  
  133  10:55  Pylon  
  139  11:01  Cybernetics Core  
  139  11:02  Tempest (Chrono Boost)  
  144  11:17  Carrier (Chrono Boost), Nexus  
  144  11:19  Pylon  
  155  11:42  Tempest (Chrono Boost)  
  155  11:46  Pylon  
  155  11:48  Carrier (Chrono Boost)  
  161  11:54  Pylon  
  161  12:07  Pylon  
  161  12:09  Carrier (Chrono Boost)  
  161  12:11  Pylon  
  167  12:22  Photon Cannon  
  173  12:24  Photon Cannon, Flux Vanes  
  173  12:27  Carrier (Chrono Boost)  
  173  12:30  Photon Cannon  
  173  12:38  Photon Cannon  
  173  12:41  Photon Cannon  
  173  12:42  Tempest (Chrono Boost)  
  178  12:45  Pylon  
  178  12:59  Tempest  
  178  13:02  Assimilator  
  178  13:03  Assimilator  
  183  13:07  Shield Battery  
  183  13:08  Photon Cannon  
  183  13:11  Photon Cannon  
  183  13:24  Templar Archives  
  183  13:31  Robotics Facility  
  173  13:42  Tempest  
  173  13:43  Tempest  
  173  13:44  Carrier  
  181  14:14  Psionic Storm  
  181  14:15  Warp Gate (Chrono Boost)  
  181  14:17  Carrier  
  181  14:26  Carrier  
  193  14:35  Protoss Air Weapons Level 3 (Chrono Boost)  
  194  14:38  High Templar (Chrono Boost)  
  194  14:44  High Templar (Chrono Boost)  
  196  14:47  Probe (Chrono Boost)  
  200  14:53  Probe x3 (Chrono Boost)  
  200  15:25  Photon Cannon  
  200  15:29  Photon Cannon  
  200  15:31  Photon Cannon  
  200  15:34  Photon Cannon  
  200  15:36  Photon Cannon  
  200  15:38  Photon Cannon  
  200  15:43  Photon Cannon  
  200  15:45  Pylon  
  200  15:48  Pylon  
  200  15:51  Pylon  
  200  15:52  Pylon  
  200  16:01  Pylon  
  200  16:03  Pylon  
  200  16:14  Photon Cannon  
  200  16:16  Photon Cannon  
  191  16:55  Carrier (Chrono Boost)  
  191  17:12  Carrier (Chrono Boost)  
  191  17:13  Tempest (Chrono Boost)  
  166  17:33  High Templar x2  
  166  17:35  Observer  
  149  17:53  Carrier (Chrono Boost)  
  149  17:56  Observer, Carrier (Chrono Boost)  
  157  18:08  Carrier  
  157  18:17  Observer  
  154  18:39  High Templar  
  150  18:51  Carrier  
  150  18:53  Carrier  
  156  19:05  High Templar  
  158  19:12  Carrier  
  158  19:13  Shield Battery  
  164  19:18  High Templar  
  166  19:52  Carrier (Chrono Boost)  
  160  19:55  Carrier (Chrono Boost)  
  124  20:08  High Templar  
  124  20:09  High Templar  
  124  20:14  Carrier (Chrono Boost)  
  103  20:15  Archon x2  
  109  20:31  Pylon  
  109  20:33  Pylon  
  109  20:36  Pylon  
  109  20:38  Pylon  
  109  20:45  Photon Cannon  
  109  20:46  Photon Cannon  
  109  20:48  Photon Cannon  
  109  20:49  High Templar, Carrier  
  117  20:50  Photon Cannon  
  117  20:52  Carrier  
  123  21:01  High Templar  
  125  21:06  Archon  
  125  21:10  Tempest  
  130  21:21  Photon Cannon x2  
  130  21:22  Photon Cannon  
  130  21:23  Photon Cannon  
  130  21:24  Photon Cannon x2  
  124  21:25  Photon Cannon x2  
  124  21:26  Photon Cannon  
  124  21:28  Photon Cannon  
  124  21:29  Photon Cannon  
  108  21:49  Carrier (Chrono Boost)  
  108  21:50  Carrier (Chrono Boost)  
  108  21:52  Carrier (Chrono Boost)  
  126  22:25  Forge  
  126  22:28  Gateway  
  126  22:34  Void Ray  
  130  22:54  Shield Battery  
  130  22:55  Shield Battery  
  130  22:57  Shield Battery  
  130  23:01  Carrier  
  136  23:06  Void Ray  
  140  23:15  Shield Battery  
  140  23:16  Shield Battery  
  140  23:36  Tempest  
  145  24:14  Tempest  
Show
View Real Time Build Order
Export as new Build Order

qqq Zerg 

Build Orders: Hatch First 

Get SALT Encoding   

  12  0:01  Drone  
  13  0:08  Drone  
  14  0:18  Overlord  
  14  0:46  Hatchery  
  13  0:51  Drone x2  
  13  0:55  Drone  
  16  1:10  Drone  
  17  1:14  Extractor  
  17  1:17  Drone  
  17  1:23  Spawning Pool  
  16  1:26  Drone  
  17  1:36  Drone  
  18  1:50  Drone  
  20  2:01  Drone  
  20  2:02  Drone  
  21  2:15  Roach Warren  
  20  2:17  Lair  
  20  2:18  Queen  
  20  2:20  Drone  
  23  2:30  Drone  
  23  2:33  Drone, Overlord  
  23  2:35  Drone  
  26  2:58  Roach  
  27  3:00  Roach x2  
  27  3:02  Drone  
  27  3:03  Drone x2  
  27  3:04  Extractor  
  33  3:12  Overlord  
  33  3:17  Extractor, Queen  
  34  3:22  Glial Reconstitution  
  34  3:24  Drone  
  35  3:27  Drone  
  35  3:32  Drone, Overlord  
  35  3:33  Drone  
  38  3:38  Drone  
  39  3:41  Drone  
  39  3:43  Drone  
  39  3:45  Drone  
  42  3:56  Roach  
  42  3:58  Roach  
  42  4:00  Roach  
  42  4:02  Roach  
  50  4:05  Overlord  
  50  4:08  Roach  
  52  4:18  Overlord  
  52  4:19  Evolution Chamber  
  52  4:23  Roach  
  52  4:24  Roach  
  55  4:26  Roach  
  57  4:31  Spore Crawler  
  57  4:35  Spore Crawler  
  55  4:46  Roach x4  
  55  4:48  Drone  
  64  5:00  Roach  
  64  5:02  Roach  
  64  5:04  Overlord  
  64  5:05  Overlord  
  64  5:18  Spire  
  64  5:20  Drone  
  63  5:24  Drone  
  64  5:42  Drone x3  
  67  5:49  Drone x2  
  69  5:55  Drone  
  70  5:58  Roach  
  72  6:06  Drone  
  73  6:15  Drone  
  74  6:23  Hatchery  
  74  6:24  Drone  
  72  6:34  Corruptor x3  
  60  7:01  Mutalisk x3, Corruptor x2  
  54  7:03  Drone x3  
  54  7:05  Drone  
  66  7:08  Extractor  
  66  7:13  Zerg Flyer Armor Level 1  
  65  7:18  Drone x2  
  65  7:20  Drone  
  68  7:24  Mutalisk  
  68  7:27  Overlord  
  68  7:29  Drone  
  71  7:33  Drone x2  
  73  7:37  Mutalisk  
  75  7:46  Drone x3  
  75  7:47  Mutalisk  
  80  7:52  Drone x2  
  80  7:53  Drone  
  83  8:02  Infestation Pit  
  83  8:04  Mutalisk  
  84  8:06  Drone x2  
  86  8:13  Mutalisk  
  86  8:15  Drone x2  
  90  8:24  Overlord  
  90  8:27  Overlord  
  90  8:35  Hatchery, Drone  
  90  8:36  Overlord x3  
  90  8:42  Hive  
  90  8:47  Mutalisk x2  
  94  8:49  Drone  
  94  8:50  Drone  
  94  8:54  Metabolic Boost  
  96  8:57  Drone  
  97  9:06  Mutalisk  
  91  9:28  Mutalisk x2  
  91  9:30  Drone x3  
  98  9:43  Zerg Flyer Armor Level 2  
  98  9:44  Drone  
  99  9:48  Extractor  
  99  9:49  Extractor  
  97  9:56  Queen  
  99  10:00  Drone x3  
  99  10:01  Overlord x2  
  99  10:02  Mutalisk  
  104  10:10  Hatchery, Viper  
  104  10:11  Drone x2  
  104  10:12  Hatchery  
  107  10:16  Drone  
  107  10:18  Hatchery  
  107  10:21  Drone  
  107  10:28  Viper  
  110  10:47  Drone x2  
  110  10:49  Mutalisk, Viper  
  115  10:51  Corruptor  
  115  10:52  Drone  
  120  11:00  Zergling x8  
  120  11:01  Zergling x16  
  120  11:03  Drone  
  133  11:05  Corruptor  
  135  11:11  Spire  
  135  11:13  Drone  
  135  11:23  Extractor  
  135  11:24  Extractor  
  133  11:28  Queen  
  133  11:29  Drone x3  
  133  11:30  Drone  
  133  11:31  Corruptor x2  
  143  11:40  Drone x2  
  143  11:41  Drone  
  143  11:42  Corruptor x2  
  143  11:44  Zergling x12  
  143  11:45  Drone x3  
  143  11:46  Overlord x4  
  143  11:47  Overlord  
  159  11:57  Drone, Spore Crawler  
  159  11:58  Drone x3  
  159  11:59  Spine Crawler, Zerg Flyer Weapons Level 1  
  159  12:00  Spine Crawler  
  160  12:06  Overseer  
  160  12:07  Overseer  
  160  12:09  Pneumatized Carapace  
  156  12:20  Corruptor x5  
  156  12:28  Corruptor x2  
  153  12:30  Drone x5  
  153  12:33  Corruptor  
  159  12:39  Drone x2  
  159  12:40  Extractor  
  159  12:41  Extractor  
  159  12:42  Drone x2, Corruptor  
  163  12:48  Corruptor  
  165  12:54  Zerg Flyer Armor Level 3  
  165  13:05  Corruptor x2  
  165  13:07  Corruptor  
  148  13:47  Corruptor x3  
  148  13:48  Corruptor x4  
  122  14:06  Corruptor x5  
  122  14:07  Corruptor  
  122  14:08  Drone x3  
  122  14:09  Drone x5  
  128  14:11  Drone x3  
  128  14:12  Drone  
  128  14:15  Zerg Flyer Weapons Level 2  
  132  14:26  Zergling x4  
  134  14:34  Extractor  
  134  14:35  Spore Crawler x2  
  134  14:37  Drone  
  134  14:38  Drone  
  133  14:41  Overseer x2, Corruptor  
  133  14:42  Mutalisk x3, Corruptor  
  133  14:44  Zergling x4  
  145  14:45  Overlord x2  
  145  14:46  Overlord  
  145  14:47  Drone x3  
  148  14:53  Extractor, Drone  
  148  14:54  Drone x2  
  148  14:57  Extractor x2  
  148  15:10  Corruptor x3  
  148  15:11  Corruptor x4  
  148  15:12  Mutalisk  
  148  15:14  Corruptor  
  164  15:21  Mutalisk x2  
  166  15:27  Overseer x3  
  166  15:28  Overlord x5  
  170  15:29  Overlord x2  
  170  15:42  Spine Crawler  
  169  15:43  Spine Crawler  
  169  15:44  Spore Crawler  
  169  15:45  Spore Crawler  
  166  15:59  Mutalisk x6  
  166  16:00  Mutalisk x2  
  166  16:02  Viper  
  185  16:10  Greater Spire  
  182  16:27  Viper x2  
  172  16:47  Corruptor x3  
  172  16:48  Corruptor x6  
  182  17:15  Corruptor x3  
  165  17:16  Corruptor x3  
  154  17:40  Corruptor x3  
  148  17:50  Corruptor x6  
  140  17:54  Corruptor  
  140  17:55  Corruptor  
  140  17:56  Corruptor x4  
  140  17:57  Corruptor x5  
  150  18:05  Corruptor x3  
  148  18:15  Corruptor x2  
  148  18:16  Corruptor  
  152  18:24  Corruptor x2  
  152  18:26  Corruptor  
  158  18:33  Corruptor  
  159  18:36  Corruptor  
  157  19:01  Hatchery  
  157  19:02  Spore Crawler  
  153  19:34  Corruptor x4  
  153  19:35  Corruptor x3  
  153  19:36  Zergling x4  
  153  19:38  Zergling x12  
  143  20:08  Corruptor x3  
  146  20:15  Brood Lord x2  
  146  20:16  Brood Lord x3  
  154  20:22  Drone x3  
  154  20:23  Drone x3  
  154  20:26  Overseer x2  
  160  20:29  Brood Lord  
  156  20:53  Corruptor x5  
  133  21:24  Corruptor  
  133  21:25  Corruptor x2  
  121  21:32  Brood Lord x2  
  131  21:33  Brood Lord x2  
  131  21:37  Corruptor  
  132  21:44  Drone x5  
  132  21:45  Drone x4  
  134  21:47  Extractor  
  134  21:48  Spore Crawler  
  134  21:51  Spore Crawler  
  134  21:52  Spore Crawler  
  134  21:53  Spore Crawler  
  129  21:55  Spore Crawler  
  129  22:00  Overlord x2  
  129  22:01  Overlord  
  125  22:06  Overlord  
  125  22:08  Overlord x2  
  103  23:03  Spawning Pool  
  18  24:57  Hatchery  
Show
View Real Time Build Order
Export as new Build Order

Massa Terran 

Build Orders: 2 Factory 

Get SALT Encoding   

  12  0:00  SCV  
  13  0:13  SCV  
  14  0:21  Supply Depot  
  14  0:25  SCV  
  15  0:43  SCV  
  15  0:44  Barracks  
  15  0:48  Refinery  
  16  0:55  SCV  
  17  1:07  SCV  
  18  1:18  Refinery  
  18  1:19  SCV  
  18  1:25  Supply Depot  
  19  1:31  SCV  
  20  1:43  Marine  
  21  1:48  Orbital Command  
  21  1:52  Factory  
  21  2:15  Barracks Tech Lab  
  21  2:18  Factory  
  21  2:21  SCV  
  22  2:49  Hellion, Infernal Pre-Igniter  
  24  2:53  Barracks Tech Lab  
  24  2:57  Command Center  
  24  2:59  SCV  
  24  3:04  Hellion  
  27  3:10  Hellion  
  27  3:11  SCV  
  30  3:26  Factory Reactor, Supply Depot  
  30  3:35  Supply Depot  
  30  3:39  Armory  
  30  3:47  SCV  
  30  3:48  Hellion  
  33  3:56  Marine  
  33  4:02  SCV  
  35  4:09  Hellion  
  37  4:12  Hellion  
  37  4:13  Hellion, Engineering Bay  
  41  4:25  Orbital Command  
  41  4:31  Hellion  
  43  4:34  Hellion  
  45  4:39  Hellion  
  47  4:52  Hellion  
  49  4:58  Hellion  
  51  5:01  Hellion  
  51  5:03  Marine  
  51  5:05  SCV x2  
  56  5:09  Barracks  
  56  5:10  Barracks  
  56  5:17  SCV x2, Missile Turret  
  58  5:31  Marine  
  58  5:32  Hellion  
  61  5:44  Hellion  
  62  5:59  Stimpack  
  62  6:00  Barracks Reactor, Barracks Tech Lab  
  62  6:07  Supply Depot  
  62  6:08  Supply Depot  
  62  6:10  Terran Infantry Weapons Level 1, Supply Depot  
  62  6:28  Marine  
  62  6:29  Widow Mine x2  
  67  6:33  Starport  
  67  6:35  Supply Depot  
  36  6:50  Widow Mine, Marine  
  36  6:51  Marine x3  
  40  6:57  Cyclone  
  40  6:59  Widow Mine  
  45  7:07  SCV x2  
  47  7:08  Marine x2  
  47  7:13  Missile Turret  
  51  7:17  Refinery, Combat Shield  
  51  7:18  Refinery  
  51  7:19  SCV x2  
  51  7:28  Medivac x2  
  55  7:31  SCV x2  
  55  7:32  Factory Tech Lab  
  55  7:34  Marine x4  
  61  7:41  Drilling Claws  
  61  7:43  SCV x2  
  63  7:50  Siege Tank  
  66  7:51  Marine  
  66  7:52  Marine  
  66  7:55  SCV x2  
  70  8:06  Command Center  
  70  8:18  SCV  
  70  8:19  SCV  
  72  8:23  Siege Tank x2  
  72  8:24  Marine x4  
  82  8:30  SCV  
  82  8:31  SCV  
  84  8:42  Marine x2  
  84  8:43  SCV x2, Marauder x2, Engineering Bay  
  92  8:53  Command Center  
  92  8:55  SCV x2  
  94  9:06  Refinery  
  94  9:07  Supply Depot x2  
  94  9:08  Supply Depot  
  94  9:18  Widow Mine x2, SCV, Marine x4, Medivac x2  
  94  9:19  Orbital Command  
  94  9:21  SCV  
  108  9:27  Terran Infantry Armor Level 1  
  108  9:29  Terran Infantry Weapons Level 2  
  108  9:36  Marine x2  
  108  9:37  Barracks  
  110  9:41  Marine x2  
  110  9:44  Widow Mine  
  114  9:46  Widow Mine  
  114  9:48  Concussive Shells  
  114  9:52  Terran Vehicle Weapons Level 1  
  116  9:53  Marine x2  
  116  9:59  SCV x3  
  121  10:06  SCV  
  122  10:10  Missile Turret  
  122  10:11  SCV x3  
  125  10:16  Sensor Tower  
  125  10:18  SCV  
  126  10:22  Marine x3, Sensor Tower  
  126  10:23  SCV, Marine  
  126  10:25  Barracks Reactor  
  131  10:29  Medivac x2  
  135  10:40  Marine x2  
  135  10:41  Barracks, Marauder  
  135  10:42  Barracks  
  139  10:45  SCV  
  139  10:46  SCV x3  
  143  10:57  SCV  
  143  10:58  SCV  
  145  11:20  SCV x3  
  148  11:40  Barracks Reactor, Barracks Tech Lab  
  148  11:41  Starport, Terran Infantry Armor Level 2  
  148  11:42  Starport  
  148  11:55  Refinery  
  148  12:03  SCV x3  
  137  12:34  Starport Tech Lab, Starport Reactor  
  137  12:43  Command Center  
  137  12:45  Supply Depot x2  
  137  12:46  Supply Depot  
  137  12:49  Supply Depot  
  137  12:54  Terran Infantry Weapons Level 3  
  137  13:06  Marine x4, Thor  
  137  13:07  Marauder  
  137  13:08  Marauder, Thor, Supply Depot  
  137  13:10  SCV x3, Marine x2  
  137  13:11  Marauder  
  154  13:24  Marine x3  
  157  13:28  Marauder, Marine x2  
  157  13:30  Viking x2  
  157  13:32  Marauder  
  167  13:35  Medivac x3  
  159  13:49  Thor  
  146  14:00  Medivac  
  124  14:07  Marauder x3, Marine  
  124  14:08  Marine x5  
  132  14:12  Thor  
  138  14:18  Factory x2  
  138  14:25  Marine x2, Missile Turret  
  138  14:26  Missile Turret  
  138  14:28  Marauder x2, Sensor Tower  
  138  14:29  Marauder, Marine  
  138  14:30  Marine x3  
  148  14:32  Thor  
  150  14:40  Planetary Fortress  
  150  14:43  SCV x3, Marine x2  
  155  14:47  Marine  
  155  14:49  Missile Turret  
  155  14:50  Marauder x3  
  162  14:54  Command Center  
  162  14:55  SCV  
  162  14:56  SCV  
  162  14:57  SCV  
  162  14:58  Refinery  
  165  15:00  Terran Vehicle Weapons Level 2, Terran Infantry Armor Level 3  
  165  15:07  SCV, Factory Reactor x2  
  165  15:09  SCV x2  
  165  15:11  Marauder  
  170  15:16  Siege Tank x2  
  176  15:22  Raven  
  178  15:29  Refinery  
  178  15:44  Missile Turret  
  178  15:48  Siege Tank x2  
  186  15:57  Widow Mine x2  
  188  16:05  Missile Turret, Supply Depot x2  
  188  16:06  Widow Mine x2, Smart Servos, Supply Depot  
  188  16:07  Supply Depot  
  188  16:08  Mag-Field Accelerator, Supply Depot  
  192  16:12  Ghost Academy  
  192  16:14  Hi-Sec Auto Tracking  
  192  16:16  Corvid Reactor  
  194  16:18  Widow Mine x2  
  196  16:27  Widow Mine, Missile Turret  
  196  16:29  Supply Depot  
  196  16:30  Supply Depot x2  
  198  16:33  Supply Depot x2  
  198  16:38  Widow Mine  
  176  16:55  Supply Depot  
  142  17:10  Marine x6  
  142  17:11  Neosteel Armor, Marine x2  
  105  17:25  Marauder  
  105  17:26  Thor x2  
  105  17:27  Widow Mine x2, Marine  
  105  17:28  Widow Mine x2, Marine  
  105  17:29  Marauder  
  100  17:48  Widow Mine  
  100  17:50  Marine  
  100  17:51  Marine x7  
  110  17:52  Marauder  
  103  18:08  Thor  
  103  18:09  Thor  
  115  18:20  Widow Mine  
  115  18:21  Widow Mine  
  118  18:41  Planetary Fortress  
  118  18:44  SCV x3  
  121  18:52  Siege Tank x2  
  127  18:56  SCV x3  
  127  18:57  Marauder x3, Marine  
  127  18:58  Marine  
  138  19:08  SCV x2  
  140  19:23  Thor  
  140  19:24  Siege Tank  
  122  19:44  Marine  
  122  19:45  Marine x8  
  138  19:51  Command Center  
  129  20:02  Marine x7  
  101  20:33  Barracks x2  
  101  20:34  Barracks  
  100  20:40  Marine  
  100  20:41  Marine x7  
  96  20:58  Marine  
  96  20:59  Marine x7  
  96  21:12  Factory  
  96  21:14  Factory x2  
  96  21:16  Marine x2  
  96  21:17  Marine x2  
  57  22:04  Orbital Command  
  57  22:08  Barracks Reactor x3  
  42  22:11  Factory Tech Lab x3  
  42  22:18  SCV x2  
  42  22:19  Barracks  
  42  22:21  Barracks  
  42  22:22  Barracks  
  44  22:30  SCV x2  
  45  22:42  SCV  
  46  22:44  Command Center  
  46  22:50  SCV  
  46  22:54  SCV  
  46  22:58  Marine x2  
  47  22:59  Marine x4  
  47  23:02  SCV  
  57  23:05  Siege Tank x2  
  57  23:06  SCV  
  61  23:14  SCV  
  61  23:16  Marine x5  
  61  23:19  SCV  
  68  23:26  SCV  
  63  23:38  Supply Depot  
  63  23:41  Supply Depot  
  63  23:43  Supply Depot  
  63  24:04  Orbital Command, Medivac, SCV x2  
  67  24:16  SCV x2  
  67  24:53  Armory  
Tags
 
Add a new tag
Caveats
  • Supply blocks, unpowered buildings, or Contaminate may cause inaccurate times.
  • Supply counts are checked every 10 seconds.